 Dungeon Crawl Stone Soup version 0.30.1-11-g7821555f0a (webtiles) character file.

Game seed: 15652508735433412707

58159 STOICBELIEVER the Warrior (level 14, -2/140 HPs)
             Began as a Minotaur Berserker on Nov 2, 2023.
             Was a High Priest of Trog.
             Killed from afar by a manticore (14 damage)
             ... with a volley of spikes
             ... on level 5 of the Lair of Beasts.
             The game lasted 00:32:41 (24877 turns).

STOICBELIEVER the Warrior (Minotaur Berserker)     Turns: 24877, Time: 00:32:43

Health: -2/140     AC: 24    Str: 26    XL:     14   Next: 48%
Magic:  13/13      EV: 10    Int:  7    God:    Trog [*****.]
Gold:   222        SH:  2    Dex:  6    Spells: 13/13 levels left

rFire   + . .        n - +1 war axe
rCold   + . .        D - +0 buckler
rNeg    . . .        e - +1 plate armour
rPois   +            v - +2 hat {Int+3}
rElec   .            J - +0 cloak
rCorr   .            y - +2 pair of gloves of Elyvilon's Pride {-Cast Harm rPois Dex-5 SInv}
SInv    +            (no boots)
Will    +....        (no amulet) Stlth
                     K - ring of protection from fire
HPRegen 0.43/turn    H - ring of protection from cold
MPRegen 0.13/turn

%: no spellcasting, harm (+30% outgoing, +20% incoming)
@: spiked, on berserk cooldown, slowed, studying Fighting, very slow
A: horns 2, retaliatory headbutt
a: Renounce Religion, Berserk, Trog's Hand, Brothers in Arms


You were on level 5 of the Lair of Beasts.
You worshipped Trog.
Trog was extremely pleased with you.
You visited 2 branches of the dungeon, and saw 16 of its levels.
You also visited: Sewer.

You collected 963 gold pieces.
You spent 741 gold pieces at shops.

Inventory:

Hand Weapons
 n - a +1 war axe (weapon)
Missiles
 f - 2 throwing nets (quivered)
Armour
 e - a +1 plate armour (worn)
 v - a +2 hat of intelligence (worn)
 y - the +2 pair of gloves of Elyvilon's Pride (worn) {-Cast Harm rPois Dex-5 SInv}
   (You found it on level 7 of the Dungeon)

   Dex:       It affects your dexterity (-5).
   rPois:     It protects you from poison.
   SInv:      It lets you see invisible.
   -Cast:     It prevents spellcasting.
   Harm:      It increases damage dealt and taken.
 D - a +0 buckler (worn)
 J - a +0 cloak (worn)
Jewellery
 j - a ring of see invisible
 E - a ring of resist corrosion
 H - a ring of protection from cold (right hand)
 K - a ring of protection from fire (left hand)
Wands
 g - a wand of flame (8)
 k - a wand of paralysis (17)
 A - a wand of roots (21)
 B - a wand of digging (11)
 M - a wand of acid (3)
Scrolls
 i - 5 scrolls of identify
 l - 2 scrolls of poison
 q - 2 scrolls of enchant weapon
 t - 2 scrolls of immolation
 u - 2 scrolls of vulnerability
 w - 3 scrolls of enchant armour
 z - 4 scrolls of magic mapping
 C - a scroll of fear
 F - a scroll of silence {unknown}
 N - a scroll of blinking
 O - 2 scrolls of teleportation
Potions
 a - 2 potions of magic
 b - 2 potions of cancellation
 c - 4 potions of attraction
 d - 5 potions of lignification
 h - 3 potions of flight
 m - 4 potions of brilliance
 o - 10 potions of curing
 p - 2 potions of resistance
 r - 2 potions of ambrosia
 s - 2 potions of mutation
 x - 5 potions of degeneration
 G - a potion of berserk rage
 I - 4 potions of heal wounds
 L - a potion of haste


   Skills:
 * Level 17.0 Fighting
 * Level 15.3 Axes
 * Level 14.5 Armour
 * Level 13.4 Dodging
 + Level 7.7 Evocations


You had 13 spell levels left.
You didn't know any spells.
Your spell library was empty.

Dungeon Overview and Level Annotations

Branches:
Dungeon (11/15)            Temple (0/1) D:4            Lair (5/5) D:8
  Swamp (0/4) Lair:3       Spider (0/4) Lair:2        Slime (0/5) Lair:4
    Orc (0/2) D:11          Sewer (visited)

Altars:
Ashenzari
Cheibriados
Elyvilon
Hepliaklqana
Makhleb
Nemelex Xobeh
Qazlal
Ru
Uskayaw
Vehumet
Xom
Yredelemnul
The Shining One
Jiyva

Shops:
D:1 *   D:4 [   D:8 *


Innate Abilities, Weirdness & Mutations

You have a pair of horns on your head.
You reflexively headbutt those who attack you in melee.


Message History

The yak gores you!
* * * LOW HITPOINT WARNING * * *
The yak gores you.
* * * LOW HITPOINT WARNING * * *
Things that are here:
a yak corpse; a death yak corpse Unknown command.
You slash the yak!
The yak is moderately wounded.
You hit the yak. x2
Unknown command.
You slash the cane toad! You headbutt the cane toad!!
The cane toad is almost dead.
You slash the yak! x3
You are no longer berserk.
You are exhausted.
You feel yourself slow down. The yak barely misses you.
The yak gores you but does no damage. x2
The cane toad stings you but does no damage.
You closely miss the cane toad. You headbutt the cane toad.
You kill the cane toad!
Trog accepts your kill.
You hit the yak. You slash the yak! You hit the yak but do no damage.
You block the yak's attack. x2; The yak gores you.
* * * LOW HITPOINT WARNING * * *
Unknown command.
Unknown command.
You slice the yak!! You headbutt the yak!
You kill the yak!
Trog accepts your kill.
You slice the yak!! You slash the yak!
You kill the yak!
Trog accepts your kill.
You hit the yak. The yak gores you.
* * * LOW HITPOINT WARNING * * *
The yak gores you but does no damage.
The manticore flicks its tail.
The volley of spikes hits you!
The barbed spikes become lodged in your body.
You die...

###......#### ##.⌠.
##......## ##.##
#..###...## #..#.
#######...## ##.#..
###.###...# #..#..
##.....##..# #..##.
###...#......#######.
.###..Y†.##......#
#..
.....H†@####....##
###. #...###Y##
###.## ##.#. ..Y #.†#
### #.... Y ##..#
#.... #...# ##.##
...... ### .##... #
... .?


You could see a manticore and 2 yaks.

Vanquished Creatures
  Gastronok (Lair:2)
  Josephine (D:10)
  2 hydras
  2 catoblepae
  The ghost of monsoonserge the Marksspriggan, a journeyman SpHu of Okawaru (Lair:3)
  A boulder beetle (D:11)
  2 two-headed ogres (D:9)
  9 death yaks
  Sonja (Lair:2)
  A skyshark (Lair:5)
  2 cyclopes (D:11)
  A manticore (Lair:5)
  5 oklob plants (Lair:3)
  A will-o-the-wisp (Lair:3)
  18 elephants
  Maurice (D:9)
  3 black mambas
  15 cane toads
  2 torpor snails
  Psyche (D:10)
  A gargoyle (D:9)
  3 rime drakes (Lair:4)
  8 komodo dragons
  5 trolls
  2 polar bears (Lair:4)
  A hornet (D:9)
  13 blink frogs
  19 dream sheep
  4 wraiths (D:10)
  2 shadows
  2 wyverns
  A vampire (D:10)
  56 yaks
  5 basilisks
  A steam dragon (Lair:3)
  3 redbacks (Lair:2)
  Grum (D:9)
  11 water moccasins
  3 sky beasts (D:7)
  A black bear (D:6)
  3 ice beasts
  10 orc warriors
  4 ogres
  4 centaurs
  19 wolves
  A phantom (D:5)
  5 kobold brigands
  11 bullfrogs
  Blork the orc (D:4)
  3 gnoll sergeants
  3 scorpions
  4 wights (D:7)
  7 killer bees
  4 electric eels
  2 howler monkeys
  6 hounds
  2 gnoll boudas
  7 orc priests
  7 jellies
  A sleepcap (D:7)
  7 orc wizards
  5 hell rats (Lair:1)
  18 gnolls
  7 adders
  A shadow imp (D:8)
  An ufetubus (D:5)
  5 worms
  A dart slug (D:3)
  41 orcs
  6 bats
  10 endoplasms
  3 giant cockroaches
  10 hobgoblins
  5 jackals (D:1)
  11 kobolds
  5 quokkas
  12 ball pythons
  6 frilled lizards
  7 goblins
  12 rats
  A butterfly (D:4)
490 creatures vanquished.

Vanquished Creatures (others)
  12 foxfires (Lair:3)
12 creatures vanquished.

Grand Total: 502 creatures vanquished

Notes
Turn   | Place    | Note
-------+----------+-------------------------------------------
     0 | D:1      | STOICBELIEVER the Minotaur Berserker began the quest for
                  | the Orb.
     0 | D:1      | Reached XP level 1. HP: 19/19 MP: 0/0
   142 | D:1      | Reached skill level 4 in Fighting
   142 | D:1      | Reached XP level 2. HP: 9/27 MP: 1/1
   627 | D:1      | Reached XP level 3. HP: 30/34 MP: 2/2
   686 | D:1      | You fall into a shaft and drop 1 floor!
   960 | D:1      | Found Vukletoa's General Store.
  1432 | D:2      | Found a faded altar of an unknown god.
  1480 | D:2      | Reached ** piety under Trog
  1667 | D:2      | Reached XP level 4. HP: 41/41 MP: 3/3
  1832 | D:3      | Reached skill level 5 in Fighting
  1832 | D:3      | Reached skill level 5 in Axes
  2423 | D:3      | Reached XP level 5. HP: 48/48 MP: 4/4
  3022 | D:4      | Noticed Blork the orc
  3025 | D:4      | Reached XP level 6. HP: 19/57 MP: 5/5
  3030 | D:4      | Killed Blork the orc
  3031 | D:4      | Reached skill level 6 in Fighting
  3423 | D:4      | Reached *** piety under Trog
  3469 | D:4      | Found a staircase to the Ecumenical Temple.
  3722 | D:4      | Found Zionupom's Armour Shoppe.
  3731 | D:4      | Found a radiant altar of Vehumet.
  3897 | D:5      | Entered Level 5 of the Dungeon
  3951 | D:5      | Reached XP level 7. HP: 64/64 MP: 6/6
  4033 | D:5      | Found a broken altar of Ashenzari.
  4197 | D:5      | Found a stormy altar of Qazlal.
  4512 | D:6      | Found a glowing drain.
  4532 | D:6      | Reached skill level 7 in Fighting
  4532 | D:6      | Reached skill level 1 in Evocations
  4689 | Sewer    | Entered a sewer
  5713 | D:6      | Reached skill level 5 in Armour
  5713 | D:6      | Reached XP level 8. HP: 68/73 MP: 7/7
  6608 | D:7      | Reached skill level 5 in Dodging
  6975 | D:7      | Reached skill level 8 in Fighting
  7663 | D:7      | Found a hazy altar of Hepliaklqana.
  7666 | D:7      | Found a basalt altar of Yredelemnul.
  7711 | D:7      | Reached **** piety under Trog
  7712 | D:7      | Reached XP level 9. HP: 82/82 MP: 8/8
  7873 | D:7      | Found a sparkling altar of Nemelex Xobeh.
  7873 | D:7      | Found a burning altar of Makhleb.
  7874 | D:7      | Found a glowing golden altar of the Shining One.
  8177 | D:7      | Identified the +2 pair of gloves of Elyvilon's Pride {-Cast
                  | Harm rPois Dex-5 SInv}
  8439 | D:8      | Found a hide-covered altar of Uskayaw.
  8442 | D:8      | Found a shimmering altar of Xom.
  8446 | D:8      | Found a snail-covered altar of Cheibriados.
  8571 | D:8      | Found Haybrynae's Assorted Antiques.
  8579 | D:8      | Bought a scroll of identify for 54 gold pieces
  8579 | D:8      | Bought a scroll labelled RYPEBLAEME for 27 gold pieces
  8647 | D:8      | Reached skill level 9 in Fighting
  8769 | D:8      | Found a staircase to the Lair.
  9038 | D:8      | Found a white marble altar of Elyvilon.
  9700 | D:9      | Noticed Grum
  9715 | D:9      | Killed Grum
  9909 | D:9      | Noticed a troll
  9927 | D:9      | Killed a troll
 10182 | D:9      | Identified the +1 morningstar of the Lurker {chaos, Dex+3}
 10219 | D:9      | Reached XP level 10. HP: 76/92 MP: 9/9
 10630 | D:9      | Noticed Maurice
 10639 | D:9      | Killed Maurice
 10653 | D:9      | Reached skill level 10 in Fighting
 10653 | D:9      | Noticed a two-headed ogre
 10663 | D:9      | Killed a two-headed ogre
 10664 | D:9      | Reached skill level 10 in Axes
 10670 | D:9      | Noticed a gargoyle
 10688 | D:9      | Killed a gargoyle
 11319 | D:9      | Noticed a two-headed ogre
 11327 | D:9      | Killed a two-headed ogre
 11979 | D:10     | Entered Level 10 of the Dungeon
 12031 | D:10     | Noticed Josephine
 12042 | D:10     | Killed Josephine
 12043 | D:10     | Reached XP level 11. HP: 101/101 MP: 10/10
 12048 | D:10     | Reached skill level 11 in Fighting
 12353 | D:10     | Found a sacrificial altar of Ru.
 12643 | D:10     | Noticed Psyche
 12652 | D:10     | Killed Psyche
 12653 | D:10     | Reached skill level 10 in Armour
 12931 | D:11     | Noticed a boulder beetle
 12949 | D:11     | Killed a boulder beetle
 13356 | D:11     | Reached skill level 5 in Evocations
 13655 | D:11     | Found a staircase to the Orcish Mines.
 13685 | D:11     | HP: 5/103 [poisoned by a gnoll sergeant]
 14684 | Lair:1   | Entered Level 1 of the Lair of Beasts
 14908 | Lair:1   | Reached skill level 10 in Dodging
 15374 | Lair:1   | Noticed a catoblepas
 15389 | Lair:1   | Killed a catoblepas
 15390 | Lair:1   | Reached skill level 12 in Fighting
 15422 | Lair:1   | Reached XP level 12. HP: 49/112 MP: 11/11
 16233 | Lair:2   | Noticed Gastronok
 16244 | Lair:2   | Killed Gastronok
 16977 | Lair:2   | Found a hole to the Spider Nest.
 16979 | Lair:2   | You fall into a shaft and drop 2 floors!
 17000 | Lair:4   | Reached ***** piety under Trog
 17360 | Lair:2   | Noticed Sonja
 17368 | Lair:2   | Killed Sonja
 18202 | Lair:3   | Noticed monsoonserge's ghost (journeyman SpHu)
 18218 | Lair:3   | Found a transporter.
 18246 | Lair:3   | Found a staircase to the Swamp.
 18404 | Lair:3   | Reached skill level 13 in Fighting
 18616 | Lair:3   | Noticed a seven-headed hydra
 18623 | Lair:3   | Killed a ten-headed hydra
 18799 | Lair:3   | Found a transporter.
 19578 | D:1      | Bought a scroll of acquirement for 572 gold pieces
 19578 | D:1      | Bought a scroll of identify for 22 gold pieces
 19578 | D:1      | Bought a scroll of identify for 22 gold pieces
 19578 | D:1      | Bought a scroll of identify for 22 gold pieces
 19578 | D:1      | Bought a scroll of identify for 22 gold pieces
 19578 | D:1      | Acquired a manual of Fighting
 19904 | Lair:3   | Killed monsoonserge's ghost
 19905 | Lair:3   | Reached XP level 13. HP: 55/122 MP: 12/12
 21054 | Lair:4   | Reached skill level 14 in Fighting
 21204 | Lair:4   | Found a staircase to the Slime Pits.
 21217 | Lair:4   | Found a viscous altar of Jiyva.
 21218 | Lair:4   | Identified the +2 helmet of Facinlot {Will+ Regen+ Int+5
                  | Dex-5}
 21900 | Lair:5   | Entered Level 5 of the Lair of Beasts
 21924 | Lair:5   | HP: 6/187 [komodo dragon (27)]
 22316 | Lair:5   | Reached skill level 15 in Fighting
 22583 | Lair:5   | Received a gift from Trog
 23324 | Lair:5   | Reached XP level 14. HP: 113/136 MP: 13/13
 23372 | Lair:5   | Reached skill level 16 in Fighting
 24129 | Lair:5   | Reached skill level 15 in Axes
 24871 | Lair:5   | Reached skill level 17 in Fighting
 24877 | Lair:5   | Killed from afar by a manticore

Illustrated notes

Levels and vault maps discovered:
D:1:      tarquinn_simple_flora_water_a, layout_basic, serial_shops,
          nicolae_diamond_shop, minmay_hedge_maze
D:2:      layout_rooms, chequers_ecumenical_altar_simple_redux
D:3:      layout_basic, minmay_misc_feat_columns
D:4:      layout_rooms, vehumet_altar_wand_db, minmay_temple_entry_butterflies,
          serial_shops, shop, uniq_blork_the_orc
D:5:      layout_cave_pools, evilmike_ruin_ashenzari,
          mainiacjoe_overflow_six_doors_small, nrook_loot_triangle
D:6:      layout_basic, cheibrodos_sewer_entry_drain
D:7:      layout_gridville, nicolae_overflow_hidden_temple, minivault_19
D:8:      layout_cave_pods, grunt_temple_overflow_diamond,
          nicolae_elyvilon_temple_path, lair_entry_dummy, serial_shops, shop,
          grunt_ministairs_6
D:9:      layout_irregular_city, chequers_hall_statues_y, st_stairs_10,
          uniq_maurice, uniq_grum
D:10:     layout_basic, nicolae_ru_sacrificial_ziggurat, skrybe_limestone_x,
          corner_web_ring, kennysheep_generic_room_6, uniq_josephine,
          uniq_psyche
D:11:     layout_basic, kennysheep_orc_monster_closet_entryway
Lair:1:   layout_long_grid, dreamdust_gnoll_shepherd
Lair:2:   layout_chaotic_city, spider_nest_entry_webs, uniq_gastronok,
          uniq_sonja
Lair:3:   minmay_lair_oklob_chamber, layout_long_grid, minmay_swamp_entry_wisps,
          nzn_ghost_randoct, serial_bayou_pond_d,
          grunt_forest_small_clearing_treed
Lair:4:   layout_loops_ring, nicolae_slime_entry_slimehenge,
          infiniplex_staircase_pool
Lair:5:   evilmike_catoblepas_cave, layout_loops_ring, serial_bayou_shore_a,
          grunt_megastairs_1

Skill      XL: |  1  2  3  4  5  6  7  8  9 10 11 12 13 14 |
---------------+-------------------------------------------+-----
Fighting       | 4 5 6 7 8 9 10 12 13 15 17 | 17.0
Axes           | 4 5 6 7 8 9 10 12 13 14 15 | 15.3
Armour         | 3 5 6 8 9 11 12 13 14 | 14.5
Dodging        | 3 4 5 7 8 10 11 12 13 | 13.4
Evocations     | 1 2 3 4 5 6 7 |  7.7

Action                     |  1- 3 |  4- 6 |  7- 9 | 10-12 | 13-15 || total
---------------------------+-------+-------+-------+-------+-------++-------
  Melee: Hand axe          |    78 |    59 |       |       |       ||   137
         Headbutt          |    10 |    14 |    48 |    81 |    98 ||   251
         Punch             |       |     1 |     1 |       |       ||     2
         War axe           |       |    35 |   287 |   457 |   447 ||  1226
 Invoke: Berserk           |     1 |     4 |     3 |     9 |     5 ||    22
         Trog's Hand       |       |       |       |     4 |       ||     4
         Brothers in Arms  |       |       |       |     1 |       ||     1
  Evoke: Wand              |       |       |     3 |    32 |     3 ||    38
    Use: Scroll            |       |     7 |     7 |    12 |     1 ||    27
         Potion            |       |     1 |       |     7 |       ||     8
   Stab: Paralysed         |       |       |       |     5 |       ||     5
 Armour: Animal skin       |    11 |       |       |       |       ||    11
         Leather armour    |       |     2 |       |       |       ||     2
         Ring mail         |       |    16 |       |       |       ||    16
         Plate armour      |       |     7 |   168 |   243 |   322 ||   740
  Dodge: Dodged            |    54 |    54 |   157 |   184 |   205 ||   654
  Block: Buckler           |       |       |       |    27 |    43 ||    70
